[ AOE2 MATCH · #507033618 ]
UnrankedCelts vs Romans
Player's team · LOSS
Rival team · WIN
[ REPLAY ANALYSIS · EXTRACTED FROM THE RECORDED GAME ]
Feudal
9:41
Castle
23:26
Imperial
38:28
| APM avg | 66.1 |
| APM peak | 114 |
| eAPM avg | 29.5 |
| Villagers / military | 136 / 173 |
Focus
⚔️ 39.6% · 🌾 60.4%
Spearman ×127 · Archer ×13 · Woad Raider ×13 · Monk ×9 · Militia ×9 · Skirmisher ×2
Feudal
9:16
Castle
21:58
Imperial
38:13
| APM avg | 90.4 |
| APM peak | 153 |
| eAPM avg | 44.1 |
| Villagers / military | 152 / 155 |
Focus
⚔️ 51.7% · 🌾 48.3%
Knight ×74 · Militia ×61 · Skirmisher ×7 · Monk ×5 · Battering Ram ×5 · Mangonel ×3
Match map
Initial resources + every placement click. Lines = walls · curves = elevation contours. ◆ gold · ⬟ stone · ● berries · ✦ relic · ◌ wall gap
Your base· Open — 2t gap
[bS']Socksyy's base· Open — 9t gap
Smoothed initial terrain · ◌ = detected wall gap · hover for details
Inputs per minute
— RoR | AngelinaJolie - - [bS']Socksyy
Build order — RoR | AngelinaJolie
First 150 of 464 actions detected
| 0:01 | Queue | Villager (Male) |
| 0:01 | Queue | Villager (Male) |
| 0:01 | Queue | Villager (Male) |
| 0:01 | Queue | Villager (Male) |
| 0:02 | Build | House |
| 0:04 | Build | House |
| 1:27 | Queue | Villager (Male) |
| 1:28 | Queue | Villager (Male) |
| 1:48 | Queue | Villager (Male) |
| 1:48 | Queue | Villager (Male) |
| 1:54 | Build | Lumber Camp |
| 2:23 | Queue | Villager (Male) |
| 2:23 | Queue | Villager (Male) |
| 2:49 | Queue | Villager (Male) |
| 2:49 | Queue | Villager (Male) |
| 3:01 | Queue | Villager (Male) |
| 3:02 | Queue | Villager (Male) |
| 3:39 | Queue | Villager (Male) |
| 3:39 | Queue | Villager (Male) |
| 3:50 | Build | House |
| 4:04 | Queue | Villager (Male) |
| 4:04 | Queue | Villager (Male) |
| 4:04 | Queue | Villager (Male) |
| 4:26 | Queue | Villager (Male) |
| 5:04 | Build | Barracks |
| 5:11 | Queue | Villager (Male) |
| 5:20 | Queue | Villager (Male) |
| 5:24 | Build | House |
| 5:54 | Queue | Villager (Male) |
| 5:55 | Queue | Villager (Male) |
| 6:23 | Build | Mill |
| 6:47 | Research | Loom |
| 7:09 | Research | Feudal Age |
| 7:10 | Research | Feudal Age |
| 7:23 | Queue | Militia |
| 7:35 | Queue | Militia |
| 7:41 | Build | Mining Camp |
| 7:50 | Build | House |
| 7:52 | Build | Palisade Wall |
| 7:56 | Build | Palisade Wall |
| 8:00 | Build | Palisade Wall |
| 8:10 | Queue | Militia |
| 8:44 | Queue | Villager (Male) |
| 9:24 | Build | Palisade Wall |
| 9:26 | Build | Palisade Wall |
| 9:36 | Build | House |
| 9:41 | Age | Feudal Age |
| 9:42 | Build | Palisade Wall |
| 9:44 | Build | Palisade Wall |
| 9:48 | Research | Man-at-Arms (upgrade) |
| 9:48 | Research | Man-at-Arms (upgrade) |
| 9:49 | Research | Double-Bit Axe |
| 9:49 | Research | Double-Bit Axe |
| 9:50 | Queue | Villager (Male) |
| 9:55 | Build | Archery Range |
| 10:07 | Queue | Villager (Male) |
| 10:23 | Build | Farm |
| 10:26 | Build | House |
| 10:37 | Queue | Villager (Male) |
| 10:41 | Build | Farm |
| 10:52 | Queue | Archer |
| 11:11 | Queue | Villager (Male) |
| 11:22 | Queue | Archer |
| 11:34 | Queue | Villager (Male) |
| 11:50 | Queue | Spearman |
| 11:56 | Queue | Villager (Male) |
| 11:56 | Queue | Villager (Male) |
| 11:58 | Build | Blacksmith |
| 12:00 | Build | Farm |
| 12:02 | Build | Farm |
| 12:03 | Build | Farm |
| 12:09 | Queue | Villager (Male) |
| 12:09 | Queue | Villager (Male) |
| 12:28 | Queue | Archer |
| 12:31 | Build | Farm |
| 12:38 | Queue | Archer |
| 12:38 | Queue | Archer |
| 12:39 | Queue | Villager (Male) |
| 12:39 | Queue | Villager (Male) |
| 12:42 | Build | Farm |
| 12:44 | Build | House |
| 12:45 | Build | House |
| 12:46 | Build | House |
| 13:04 | Build | Farm |
| 13:07 | Research | Fletching |
| 13:16 | Build | House |
| 13:29 | Build | House |
| 13:39 | Queue | Archer |
| 13:42 | Queue | Villager (Male) |
| 13:42 | Queue | Villager (Male) |
| 13:43 | Build | Farm |
| 13:54 | Queue | Villager (Male) |
| 14:23 | Queue | Villager (Male) |
| 14:24 | Build | Farm |
| 14:29 | Build | Market |
| 14:30 | Build | House |
| 14:31 | Build | House |
| 14:42 | Queue | Villager (Male) |
| 14:48 | Queue | Villager (Male) |
| 14:52 | Queue | Archer |
| 14:56 | Build | Palisade Wall |
| 15:23 | Queue | Villager (Male) |
| 15:49 | Queue | Archer |
| 15:49 | Queue | Archer |
| 15:50 | Queue | Villager (Male) |
| 15:50 | Queue | Villager (Male) |
| 15:52 | Build | Farm |
| 15:53 | Build | Farm |
| 15:57 | Queue | Militia |
| 16:12 | Queue | Villager (Male) |
| 16:37 | Queue | Militia |
| 16:55 | Queue | Archer |
| 17:31 | Queue | Militia |
| 17:33 | Queue | Skirmisher |
| 17:33 | Queue | Skirmisher |
| 17:35 | Build | House |
| 17:38 | Build | Farm |
| 17:39 | Build | Farm |
| 17:44 | Build | Farm |
| 17:45 | Build | Farm |
| 17:52 | Build | House |
| 17:55 | Build | House |
| 18:00 | Queue | Militia |
| 18:02 | Queue | Archer |
| 18:02 | Queue | Archer |
| 18:03 | Queue | Villager (Male) |
| 18:03 | Queue | Villager (Male) |
| 18:04 | Queue | Villager (Male) |
| 18:11 | Build | Farm |
| 18:11 | Build | Farm |
| 18:24 | Queue | Militia |
| 19:05 | Queue | Villager (Male) |
| 19:23 | Build | Palisade Gate |
| 19:37 | Build | Mining Camp |
| 19:39 | Build | Lumber Camp |
| 19:45 | Queue | Villager (Male) |
| 19:51 | Build | Farm |
| 20:46 | Research | Castle Age |
| 20:46 | Research | Castle Age |
| 20:48 | Queue | Archer |
| 20:58 | Queue | Militia |
| 21:00 | Research | Scale Mail Armor |
| 21:00 | Research | Scale Mail Armor |
| 21:05 | Research | Horse Collar |
| 22:09 | Research | Gold Mining |
| 22:09 | Research | Gold Mining |
| 22:57 | Build | House |
| 23:00 | Build | House |
| 23:02 | Build | House |
| 23:14 | Queue | Spearman |
Build order — [bS']Socksyy
First 150 of 499 actions detected
| 0:01 | Queue | Villager (Male) |
| 0:01 | Queue | Villager (Male) |
| 0:02 | Build | House |
| 0:02 | Build | House |
| 0:06 | Queue | Villager (Male) |
| 0:07 | Queue | Villager (Male) |
| 0:07 | Queue | Villager (Male) |
| 1:28 | Queue | Villager (Male) |
| 1:45 | Queue | Villager (Male) |
| 1:45 | Queue | Villager (Male) |
| 1:48 | Build | Lumber Camp |
| 2:19 | Queue | Villager (Male) |
| 2:20 | Queue | Villager (Male) |
| 2:45 | Queue | Villager (Male) |
| 2:45 | Queue | Villager (Male) |
| 2:54 | Queue | Villager (Male) |
| 2:54 | Queue | Villager (Male) |
| 3:28 | Queue | Villager (Male) |
| 3:28 | Queue | Villager (Male) |
| 3:51 | Build | House |
| 3:59 | Queue | Villager (Male) |
| 4:00 | Queue | Villager (Male) |
| 4:30 | Queue | Villager (Male) |
| 4:35 | Build | House |
| 4:49 | Queue | Villager (Male) |
| 4:49 | Queue | Villager (Male) |
| 4:55 | Queue | Villager (Male) |
| 4:55 | Queue | Villager (Male) |
| 5:38 | Build | Barracks |
| 5:46 | Queue | Villager (Male) |
| 5:52 | Research | Loom |
| 6:16 | Build | House |
| 6:16 | Build | House |
| 6:17 | Build | House |
| 6:58 | Research | Feudal Age |
| 6:59 | Queue | Militia |
| 6:59 | Queue | Militia |
| 7:12 | Queue | Militia |
| 7:24 | Build | Mining Camp |
| 7:38 | Queue | Militia |
| 7:50 | Build | Mill |
| 8:24 | Build | Palisade Wall |
| 8:24 | Build | Palisade Wall |
| 8:39 | Queue | Villager (Male) |
| 9:16 | Age | Feudal Age |
| 9:18 | Build | Blacksmith |
| 9:34 | Research | Man-at-Arms (upgrade) |
| 9:34 | Research | Man-at-Arms (upgrade) |
| 9:39 | Queue | Villager (Male) |
| 9:39 | Research | Double-Bit Axe |
| 9:54 | Build | Palisade Wall |
| 9:55 | Build | Palisade Wall |
| 9:56 | Build | Palisade Wall |
| 9:57 | Build | Palisade Wall |
| 10:11 | Research | Scale Mail Armor |
| 10:11 | Queue | Villager (Male) |
| 10:26 | Build | Lumber Camp |
| 10:28 | Queue | Villager (Male) |
| 10:29 | Build | Palisade Wall |
| 10:31 | Build | Palisade Wall |
| 10:33 | Build | Palisade Wall |
| 10:39 | Queue | Militia |
| 10:41 | Build | Palisade Wall |
| 10:43 | Build | Palisade Wall |
| 10:44 | Build | Palisade Wall |
| 10:45 | Build | Palisade Wall |
| 10:53 | Queue | Villager (Male) |
| 11:01 | Queue | Militia |
| 11:09 | Build | Palisade Wall |
| 11:10 | Build | Palisade Wall |
| 11:20 | Build | Palisade Wall |
| 11:22 | Build | Palisade Wall |
| 11:22 | Build | Palisade Wall |
| 11:23 | Build | Palisade Wall |
| 11:25 | Build | Palisade Wall |
| 11:27 | Build | Palisade Wall |
| 11:37 | Queue | Villager (Male) |
| 11:41 | Queue | Militia |
| 11:47 | Build | House |
| 11:51 | Build | Farm |
| 11:53 | Build | Farm |
| 12:03 | Research | Town Watch |
| 12:03 | Queue | Villager (Male) |
| 12:40 | Build | Archery Range |
| 12:47 | Queue | Villager (Male) |
| 13:01 | Build | Farm |
| 13:01 | Build | Farm |
| 13:09 | Queue | Villager (Male) |
| 13:19 | Build | Farm |
| 13:32 | Build | Farm |
| 13:40 | Research | Fletching |
| 13:40 | Research | Padded Archer Armor |
| 13:40 | Queue | Skirmisher |
| 13:43 | Build | House |
| 13:47 | Queue | Villager (Male) |
| 13:49 | Queue | Skirmisher |
| 13:55 | Build | House |
| 13:56 | Build | Palisade Wall |
| 14:05 | Build | Farm |
| 14:15 | Queue | Villager (Male) |
| 14:18 | Build | Farm |
| 14:32 | Queue | Skirmisher |
| 14:36 | Build | Palisade Wall |
| 14:41 | Queue | Villager (Male) |
| 14:41 | Queue | Villager (Male) |
| 14:56 | Build | Farm |
| 15:01 | Build | Farm |
| 15:07 | Queue | Villager (Male) |
| 15:10 | Queue | Skirmisher |
| 15:14 | Build | House |
| 15:34 | Queue | Villager (Male) |
| 15:36 | Queue | Skirmisher |
| 15:45 | Build | Farm |
| 15:45 | Build | Farm |
| 15:57 | Queue | Villager (Male) |
| 15:58 | Build | Farm |
| 16:08 | Queue | Skirmisher |
| 16:15 | Queue | Villager (Male) |
| 16:17 | Build | Farm |
| 16:35 | Queue | Villager (Male) |
| 16:57 | Queue | Villager (Male) |
| 17:16 | Queue | Villager (Male) |
| 17:28 | Queue | Villager (Male) |
| 17:32 | Queue | Skirmisher |
| 17:36 | Build | Market |
| 17:48 | Build | Farm |
| 17:49 | Research | Horse Collar |
| 17:49 | Research | Horse Collar |
| 18:13 | Queue | Villager (Male) |
| 18:53 | Queue | Villager (Male) |
| 19:04 | Research | Castle Age |
| 19:12 | Queue | Militia |
| 19:29 | Build | Stable |
| 19:39 | Research | Gold Mining |
| 19:39 | Research | Gold Mining |
| 19:57 | Build | House |
| 20:55 | Build | Stable |
| 20:59 | Research | Scale Barding Armor |
| 20:59 | Research | Scale Barding Armor |
| 20:59 | Research | Forging |
| 21:01 | Research | Bloodlines |
| 21:01 | Research | Bloodlines |
| 21:10 | Build | Farm |
| 21:10 | Build | Farm |
| 21:58 | Age | Castle Age |
| 22:00 | Queue | Knight |
| 22:00 | Queue | Knight |
| 22:02 | Research | Bow Saw |
| 22:04 | Queue | Villager (Male) |
| 22:13 | Build | Farm |
Match timeline
| 5:04 | RoR | AngelinaJolie · first_building Barracks |
| 5:38 | [bS']Socksyy · first_building Barracks |
| 7:52 | RoR | AngelinaJolie · wall_segment Palisade Wall x2 |
| 7:56 | RoR | AngelinaJolie · wall_segment Palisade Wall x11 |
| 8:00 | RoR | AngelinaJolie · wall_segment Palisade Wall x3 |
| 8:24 | [bS']Socksyy · wall_segment Palisade Wall x4 |
| 8:24 | [bS']Socksyy · wall_segment Palisade Wall x4 |
| 9:16 | [bS']Socksyy · age_up feudal |
| 9:24 | RoR | AngelinaJolie · wall_segment Palisade Wall x1 |
| 9:26 | RoR | AngelinaJolie · wall_segment Palisade Wall x1 |
| 9:41 | RoR | AngelinaJolie · age_up feudal |
| 9:42 | RoR | AngelinaJolie · wall_segment Palisade Wall x1 |
| 9:44 | RoR | AngelinaJolie · wall_segment Palisade Wall x4 |
| 9:54 | [bS']Socksyy · wall_segment Palisade Wall x1 |
| 9:55 | RoR | AngelinaJolie · first_building Archery Range |
| 9:55 | [bS']Socksyy · wall_segment Palisade Wall x1 |
| 9:56 | [bS']Socksyy · wall_segment Palisade Wall x1 |
| 9:57 | [bS']Socksyy · wall_segment Palisade Wall x1 |
| 10:29 | [bS']Socksyy · wall_segment Palisade Wall x1 |
| 10:31 | [bS']Socksyy · wall_segment Palisade Wall x1 |
| 10:33 | [bS']Socksyy · wall_segment Palisade Wall x1 |
| 10:41 | [bS']Socksyy · wall_segment Palisade Wall x1 |
| 10:43 | [bS']Socksyy · wall_segment Palisade Wall x1 |
| 10:44 | [bS']Socksyy · wall_segment Palisade Wall x1 |
| 10:45 | [bS']Socksyy · wall_segment Palisade Wall x1 |
| 11:09 | [bS']Socksyy · wall_segment Palisade Wall x1 |
| 11:10 | [bS']Socksyy · wall_segment Palisade Wall x1 |
| 11:20 | [bS']Socksyy · wall_segment Palisade Wall x1 |
| 11:22 | [bS']Socksyy · wall_segment Palisade Wall x1 |
| 11:22 | [bS']Socksyy · wall_segment Palisade Wall x1 |
| 11:23 | [bS']Socksyy · wall_segment Palisade Wall x1 |
| 11:25 | [bS']Socksyy · wall_segment Palisade Wall x1 |
| 11:27 | [bS']Socksyy · wall_segment Palisade Wall x1 |
| 12:40 | [bS']Socksyy · first_building Archery Range |
| 13:56 | [bS']Socksyy · wall_segment Palisade Wall x1 |
| 14:36 | [bS']Socksyy · wall_segment Palisade Wall x1 |
| 14:56 | RoR | AngelinaJolie · wall_segment Palisade Wall x15 |
| 16:14 | RoR | AngelinaJolie · first_market_sell 100 stone |
| 16:15 | RoR | AngelinaJolie · first_market_buy 100 food |
| 18:19 | [bS']Socksyy · first_market_buy 100 food |
| 18:20 | [bS']Socksyy · first_market_sell 100 wood |
| 19:29 | [bS']Socksyy · first_building Stable |
| 21:58 | [bS']Socksyy · age_up castle |
| 23:26 | RoR | AngelinaJolie · age_up castle |
| 23:31 | RoR | AngelinaJolie · first_building Monastery |
| 24:03 | RoR | AngelinaJolie · wall_segment Stone Wall x1 |
| 24:05 | RoR | AngelinaJolie · wall_segment Stone Wall x1 |
| 26:41 | [bS']Socksyy · first_building Siege Workshop |
| 28:21 | [bS']Socksyy · first_building Monastery |
| 29:27 | RoR | AngelinaJolie · first_building Castle |
| 38:13 | [bS']Socksyy · age_up imperial |
| 38:28 | RoR | AngelinaJolie · age_up imperial |
| 39:29 | RoR | AngelinaJolie · wall_segment Stone Wall x1 |
| 39:33 | RoR | AngelinaJolie · wall_segment Stone Wall x1 |
| 39:36 | RoR | AngelinaJolie · wall_segment Stone Wall x1 |
| 39:37 | RoR | AngelinaJolie · wall_segment Stone Wall x1 |
| 39:39 | RoR | AngelinaJolie · wall_segment Stone Wall x1 |
| 39:40 | RoR | AngelinaJolie · wall_segment Stone Wall x1 |
| 39:45 | RoR | AngelinaJolie · wall_segment Stone Wall x1 |
| 40:06 | RoR | AngelinaJolie · wall_segment Stone Wall x1 |
| 40:07 | RoR | AngelinaJolie · wall_segment Stone Wall x1 |
| 42:36 | [bS']Socksyy · first_building Castle |
| 42:51 | RoR | AngelinaJolie · resign |
[ AI ANALYSIS · 1 CREDIT ]
What really happened in this match?
Wolo.gg analyzes every decision: build order, eco, micro, common mistakes by bracket. Personalized analysis on WhatsApp or Discord in 30 seconds.
Civ guide
Celts
Perfil
Jugador #508080